 Dungeon Sprint DCSS version 0.21-a0-274-gc1afaeb (webtiles) character file.

23659 potatolord6000 the Severer (level 13, -14/136 HPs)
             Began as a Hill Orc Monk on Sept 18, 2017.
             Was the Champion of Beogh.
             Killed from afar by a red draconian (24 damage)
             ... with a searing blast
             ... in the Dungeon (Sprint VII: "The Pits").
             The game lasted 00:11:48 (3225 turns).

potatolord6000 the Severer (Hill Orc Monk)          Turns: 3225, Time: 00:11:49

Health: -14/136    AC: 21    Str: 19    XL:     13   Next: 8%
Magic:  15/26      EV:  8    Int: 16    God:    Beogh [******]
Gold:   9          SH: 11    Dex: 16    Spells: 12/12 levels left

rFire    . . .     SeeInvis .   u - +1 broad axe (freeze)
rCold    . . .     Gourm    .   x - +0 shield {reflect}
rNeg     . . .     Faith    .   p - +4 chain mail
rPois    .         Spirit   .   e - +1 hat {Int+3}
rElec    .         Reflect  +   (no cloak)
rCorr    .         Harm     .   b - +0 pair of gloves
MR       .....     NoTele   +   (no boots)
Stlth    ..........             (no amulet)
HPRegen  0.32/turn              q - +3 ring of dexterity
MPRegen  0.20/turn              r - +3 ring of intelligence

@: slowed, studying Invocations, very slow
A: walk on water, deterioration 1, subdued magic 1
a: Smiting, Recall Orcish Followers, Give Item to Named Follower, Resurrection,
Renounce Religion


You were in the Dungeon.
You worshipped Beogh.
Beogh was exalted by your worship.
You were not hungry.

You visited 1 branch You collected 9 gold pieces.

Inventory:

Hand Weapons
 u - a +1 broad axe of freezing (weapon)
 v - a +3 long sword of holy wrath
Armour
 b - a +0 pair of gloves (worn)
 e - a +1 hat of intelligence (worn)
 p - a +4 chain mail (worn)
 x - a +0 shield of reflection (worn)
 E - a +4 chain mail of poison resistance
Jewellery
 q - a +3 ring of dexterity (left hand)
 r - a +3 ring of intelligence (right hand)
Scrolls
 f - 3 scrolls of identify
 i - a scroll of blinking
 k - 4 scrolls of remove curse
 l - 5 scrolls of amnesia
 m - a scroll of summoning
 y - 5 scrolls of fear
 B - 2 scrolls of enchant armour
 C - a scroll of recharging
Potions
 a - 2 potions of invisibility
 d - 9 potions of curing
 g - 3 potions of magic
 h - 5 potions of berserk rage
 s - 2 potions of brilliance
 t - 2 potions of resistance
 w - 2 potions of might
 A - 2 potions of haste
Books
 D - a manual of Invocations
Comestibles
 c - 12 bread rations
 j - 7 royal jellies
 n - 40 fruits
 o - 5 meat rations


   Skills:
 + Level 18.9 Fighting
 + Level 20.3 Axes
 + Level 17.2 Armour
 - Level 2.4 Dodging
 - Level 1.5 Stealth
 + Level 8.7 Shields
 + Level 19.6 Invocations


You had 12 spell levels left.
You didn't know any spells.

Dungeon Overview and Level Annotations

Branches:
Dungeon (1/1)

Altars:
Ashenzari
Cheibriados
Dithmenos
Elyvilon
Fedhas
Gozag
Hepliaklqana
Kikubaaqudgha
Makhleb
Nemelex Xobeh
Okawaru
Qazlal
Ru
Sif Muna
Trog
Uskayaw
Vehumet
Wu Jian
Xom
Yredelemnul
Zin
The Shining One
Beogh
Jiyva
Lugonu


Innate Abilities, Weirdness & Mutations

You can walk on water.
Your body sometimes deteriorates upon taking damage.
Your spells are a little easier to cast, but a little less powerful.


Message History

Press: ? - help, Dir - move target cursor, f - fire crab Smite: a fire crab You smite the fire crab!
The fire crab is severely wounded.
You block the red draconian's attack. The fire crab closely misses you.
The fire crab claws you but does no damage.
You block the fire crab's attack. x2
Unknown command.
Unknown command.
Unknown command.
Aiming: Smiting
Press: ? - help, Dir - move target cursor, f/p - fire crab Smite: a fire crab (severely wounded)
You smite the fire crab!
You kill the fire crab!
Beogh accepts your kill.
You feel your intelligence returning.
The red draconian breathes flames at you.
The searing blast hits you!
You die...

#. +. +. #.
#######################.
#...ooo..............'oo
#...ooooo............''.
#..###o############.o##o
#..##†#@# #oo##. #..#.#d#)#
#..##. #..##)# #w# #oo### #..#.#
#Z# #o.### #oo## #m# #..##.
#oo################o.##.
##########..o..o.o............##5
_______.##.....o..............##.
_______.###########++###########o


You could see a red draconian, a merfolk javelineer, a tyrant leech, a giant
cockroach simulacrum, a friendly orc knight, the friendly Brandogh the orc
knight, the friendly Geork the orc knight, a friendly orc high priest, a
friendly orc sorcerer, a friendly orc warrior and a friendly orc priest.

Vanquished Creatures
  A sphinx (D)
  Donald (D)
  An ophan (D)
  An eidolon (D)
  Erolcha (D)
  Harold (D)
  An ice dragon (D)
  An alligator snapping turtle (D)
  A centaur warrior (D)
  An orc high priest (D)
  A vampire mage (D)
  A fire crab (D)
  A deep troll (D)
  2 unseen horrors (D)
  A cherub (D)
  A lindwurm (D)
  A manticore (D)
  A deep elf mage (D)
  Maurice (D)
  A smoke demon (D)
  A kobold demonologist (D)
  A rime drake (D)
  2 demonic crawlers (D)
  An ice devil (D)
  3 trolls (D)
  A merfolk (D)
  A red devil (D)
  2 polar bears (D)
  A wind drake (D)
  A hornet (D)
  A snapping turtle (D)
  A bog body (D)
  Prince Ribbit (D)
  2 redbacks (D)
  A tarantella (D)
  A wraith (D)
  A neqoxec (D)
  A steam dragon (D)
  Edmund (D)
  3 insubstantial wisps (D)
  A porcupine (D)
  Purgy (D)
  A floating eye (D)
  An orc warrior (D)
  A sky beast (D)
  A phantom (D)
  An eye of draining (D)
  An ogre (D)
  4 wolves (D)
  2 centaurs (D)
  2 crocodiles (D)
  A big kobold (D)
  A bullfrog (D)
  3 wights (D)
  A small abomination (D)
  An iguana (D)
  A mummy (D)
  A river rat (D)
  An ooze (D)
  A ball python (D)
  A bat (D)
  A bat skeleton (D)
  A giant cockroach (D)
  A goblin (D)
  A hobgoblin (D)
  A quokka (D)
  A bat simulacrum (D)
  A frilled lizard (D)
  A jackal skeleton (D)
  A quokka zombie (D)
  A rat (D)
86 creatures vanquished.

Vanquished Creatures (collateral kills)
  Gastronok (D)
  A draconian knight (D)
  An emperor scorpion (D)
  A komodo dragon (D)
  A freezing wraith (D)
  A jumping spider (D)
  A redback (D)
  A small abomination (D)
  3 insubstantial wisps (D)
  A phantom (D)
  2 wolves (D)
  A centaur (D)
  An earth elemental (D)
  A quasit (D)
  An iguana (D)
  An orc (D)
19 creatures vanquished.

Vanquished Creatures (others)
  2 orc warriors (D)
  2 orcs (D)
4 creatures vanquished.

Grand Total: 109 creatures vanquished

Notes
Turn   | Place    | Note
-------+----------+-------------------------------------------
     0 | D        | potatolord6000 the Hill Orc Monk began the quest for the Orb.
     0 | D        | Reached XP level 1. HP: 19/19 MP: 1/1
    27 | D        | Reached skill level 1 in Armour
    67 | D        | Found a bloodstained altar of Trog.
    67 | D        | Found a deep blue altar of Sif Muna.
    67 | D        | Found a viscous altar of Jiyva.
    67 | D        | Found a hazy altar of Hepliaklqana.
    67 | D        | Found an opulent altar of Gozag.
    68 | D        | Found a glowing golden altar of the Shining One.
    68 | D        | Found a glowing silver altar of Zin.
    68 | D        | Found a basalt altar of Yredelemnul.
    68 | D        | Found a shimmering altar of Xom.
    68 | D        | Found an ornate altar of the Wu Jian Council.
    68 | D        | Found a sacrificial altar of Ru.
    68 | D        | Found a stormy altar of Qazlal.
    68 | D        | Found an iron altar of Okawaru.
    68 | D        | Found a sparkling altar of Nemelex Xobeh.
    68 | D        | Found a burning altar of Makhleb.
    68 | D        | Found a blossoming altar of Fedhas.
    68 | D        | Found a white marble altar of Elyvilon.
    68 | D        | Found a shadowy altar of Dithmenos.
    68 | D        | Found a snail-covered altar of Cheibriados.
    70 | D        | Found a radiant altar of Vehumet.
    70 | D        | Found a corrupted altar of Lugonu.
    70 | D        | Found a roughly hewn altar of Beogh.
    72 | D        | Found an ancient bone altar of Kikubaaqudgha.
    72 | D        | Found a hide-covered altar of Uskayaw.
    72 | D        | Found a shattered altar of Ashenzari.
    82 | D        | Became a worshipper of Beogh the Brigand
    82 | D        | Reached * piety under Beogh
    82 | D        | Reached ** piety under Beogh
   103 | D        | Noticed a floating eye
   108 | D        | Killed a floating eye
   108 | D        | Reached skill level 7 in Axes
   108 | D        | Reached skill level 5 in Armour
   108 | D        | Reached XP level 2. HP: 33/34 MP: 2/2
   108 | D        | Reached XP level 3. HP: 37/39 MP: 3/3
   108 | D        | Reached XP level 4. HP: 45/47 MP: 4/4
   331 | D        | Reached *** piety under Beogh
   331 | D        | Reached skill level 8 in Axes
   446 | D        | Noticed a wolf
   458 | D        | Noticed a phantom
   466 | D        | Killed a wolf
   466 | D        | Reached **** piety under Beogh
   466 | D        | Reached skill level 9 in Axes
   466 | D        | Reached XP level 5. HP: 17/56 MP: 4/7
   470 | D        | Noticed a porcupine
   478 | D        | Reached XP level 6. HP: 50/62 MP: 5/9
   483 | D        | Reached skill level 5 in Invocations
   492 | D        | Reached skill level 10 in Axes
   499 | D        | Killed a porcupine
   499 | D        | Reached ***** piety under Beogh
   533 | D        | Killed a phantom
   533 | D        | Reached skill level 10 in Fighting
   533 | D        | Reached skill level 11 in Axes
   533 | D        | Reached XP level 7. HP: 44/72 MP: 10/12
   668 | D        | Noticed Edmund
   688 | D        | Killed Edmund
   699 | D        | Noticed a hornet
   705 | D        | Paralysed by a hornet for 1 turns
   713 | D        | Killed a hornet
  1061 | D        | Reached skill level 12 in Axes
  1061 | D        | Reached XP level 8. HP: 82/82 MP: 13/15
  1073 | D        | Noticed a bog body
  1073 | D        | Noticed a deep elf mage
  1075 | D        | Killed a deep elf mage
  1075 | D        | Reached skill level 10 in Armour
  1075 | D        | Reached skill level 10 in Invocations
  1079 | D        | Killed a bog body
  1079 | D        | Reached skill level 13 in Axes
  1215 | D        | Noticed a smoke demon
  1217 | D        | Killed a smoke demon
  1217 | D        | Reached XP level 9. HP: 92/92 MP: 13/17
  1229 | D        | Noticed a troll
  1230 | D        | Noticed a komodo dragon
  1231 | D        | Killed a troll
  1238 | D        | Noticed a freezing wraith
  1238 | D        | Killed an unseen horror
  1238 | D        | Reached ****** piety under Beogh
  1238 | D        | Reached skill level 14 in Axes
  1240 | D        | Noticed a troll
  1240 | D        | Noticed Maurice
  1240 | D        | Killed a komodo dragon
  1241 | D        | Noticed a demonic crawler
  1249 | D        | Killed a troll
  1250 | D        | Killed a freezing wraith
  1253 | D        | Killed a demonic crawler
  1253 | D        | Reached skill level 15 in Axes
  1253 | D        | Reached XP level 10. HP: 57/102 MP: 8/19
  1264 | D        | Killed Maurice
  1490 | D        | Noticed Purgy
  1496 | D        | Killed Purgy
  1499 | D        | Noticed a lindwurm
  1501 | D        | Killed an unseen horror
  1503 | D        | Noticed Harold
  1503 | D        | Killed a lindwurm
  1503 | D        | Reached skill level 16 in Axes
  1508 | D        | Noticed Erolcha
  1508 | D        | Killed Harold
  1508 | D        | Reached skill level 15 in Fighting
  1510 | D        | Killed Erolcha
  1510 | D        | Reached skill level 15 in Invocations
  1510 | D        | Reached XP level 11. HP: 86/113 MP: 6/22
  1642 | D        | Noticed Donald
  1646 | D        | Killed Donald
  1646 | D        | Reached skill level 17 in Axes
  1655 | D        | Noticed a soul eater
  1659 | D        | Noticed a vampire mage
  1660 | D        | Noticed a deep troll
  1660 | D        | Noticed Gastronok
  1661 | D        | Noticed Prince Ribbit
  1663 | D        | Noticed a phantasmal warrior
  1664 | D        | Noticed a jiangshi
  1666 | D        | Killed a vampire mage
  1668 | D        | Gained Geork as an ally
  1669 | D        | Reached skill level 15 in Armour
  1677 | D        | Killed a deep troll
  1677 | D        | Reached skill level 18 in Axes
  1685 | D        | Killed Gastronok
  1685 | D        | Gained Brandogh as an ally
  1698 | D        | Killed Prince Ribbit
  2153 | D        | Reached skill level 1 in Shields
  2168 | D        | Noticed an orc high priest
  2173 | D        | Killed an orc high priest
  2173 | D        | Reached XP level 12. HP: 125/125 MP: 24/24
  2177 | D        | Noticed a centaur warrior
  2180 | D        | Killed a centaur warrior
  2309 | D        | Noticed an ice dragon
  2315 | D        | Killed an ice dragon
  2315 | D        | Reached skill level 19 in Axes
  2555 | D        | Gained mutation: Your body sometimes deteriorates upon taking damage. [a neqoxec]
  2556 | D        | Gained mutation: Your spells are a little easier to cast, but a little less powerful. [a neqoxec]
  2592 | D        | Noticed an emperor scorpion
  2602 | D        | Killed an emperor scorpion
  2602 | D        | Reached skill level 5 in Shields
  2924 | D        | Noticed an alligator snapping turtle
  2924 | D        | Noticed a purple draconian knight
  2924 | D        | Noticed an ophan
  2924 | D        | Noticed an eidolon
  2927 | D        | Killed an ophan
  2930 | D        | Killed an eidolon
  2931 | D        | Killed a purple draconian knight
  2941 | D        | Killed an alligator snapping turtle
  3192 | D        | Noticed a sphinx
  3198 | D        | Killed a sphinx
  3198 | D        | Reached skill level 20 in Axes
  3207 | D        | Reached XP level 13. HP: 102/136 MP: 17/26
  3212 | D        | Noticed a red draconian
  3221 | D        | HP: 3/136 [red draconian/battleaxe (6)]
  3224 | D        | Noticed a merfolk javelineer
  3225 | D        | Killed from afar by a red draconian

Vault maps used:
D:        pitsprint

Skill      XL: |  1  2  3  4  5  6  7  8  9 10 11 12 |
---------------+-------------------------------------+-----
Armour         | 5 6 7 8 9 11 12 14 15 17 | 17.2
Fighting       | 7 8 10 11 12 13 15 17 18 | 18.9
Axes           | 7 9 11 12 13 15 16 18 20 | 20.3
Invocations    | 3 4 7 9 11 13 15 17 19 | 19.6
Shields        | 2 8 |  8.7
Dodging        | |  2.4
Stealth        | |  1.5

Action                   |  1- 3 |  4- 6 |  7- 9 | 10-12 | 13-15 || total
-------------------------+-------+-------+-------+-------+-------++-------
Melee: Hand axe          |     8 |    94 |    47 |       |       ||   149
       Broad axe         |       |       |    17 |   114 |    13 ||   144
Invok: Smiting           |       |       |     9 |    38 |     2 ||    49
       Resurrection      |       |       |       |     2 |       ||     2
  Use: Potion            |       |     2 |     2 |    10 |     2 ||    16
 Stab: Sleeping          |     1 |     1 |       |       |       ||     2
       Distracted        |       |       |       |     2 |       ||     2
  Eat: Meat ration       |       |       |     2 |       |       ||     2
Armor: Robe              |     4 |     4 |       |       |       ||     8
       Plate armour      |       |    35 |    29 |       |       ||    64
       Chain mail        |       |       |    16 |    93 |     5 ||   114
Dodge: Dodged            |    11 |    18 |    20 |    63 |     4 ||   116
Block: Shield            |       |       |       |    39 |     8 ||    47

Table legend:
 A = Spawn XP
 B = Non-spawn XP
 C = Spawn XP percentage of total XP
 D = Spawn monster count
 E = Non-spawn monster count
 F = Spawn count percentage of total count
 G = Total turns spent on level
                    A         B        C        D         E        F      G
               +---------+---------+-------+---------+---------+-------+---------
         Total |       0 |   33799 |   0.0 |       0 |     105 |   0.0 |  3225
               +---------+---------+-------+---------+---------+-------+---------
             D |       0 |   33799 |   0.0 |       0 |     105 |   0.0 |  3225
               +---------+---------+-------+---------+---------+-------+---------
